 Dungeon Crawl Stone Soup version 0.29-a0-294-g83ea962da3 (webtiles) character file.

Game seed: 2237551185850039825

114 Leszczynek the Chopper (level 5, -5/55 (57) HPs)
             Began as a Human Gladiator on Mar 18, 2022.
             Was a Believer of Makhleb.
             Slain by a wight
             ... wielding a +5 morningstar of freezing
              (8 damage)
             ... on level 4 of the Dungeon.
             The game lasted 00:06:26 (836 turns).

Leszczynek the Chopper (Human Gladiator)             Turns: 836, Time: 00:06:27

HP:   -5/55 (57)    AC: 22    Str: 14 (16) XL:     5   Next: 18%
MP:   5/5           EV:  2    Int:  7 (8)  God:    Makhleb [**....]
Gold: 83            SH:  0    Dex: 14 (17) Spells: 4/4 levels left

rFire   . . .      SeeInvis .   a - +8 spear "Jifemn" {vorpal, rN+ Dex+2}
rCold   . . .      Faith    .   (no shield)
rNeg    + . .      Spirit   .   (body armour currently unavailable)
rPois   +          Reflect  .   (helmet currently unavailable)
rElec   .          Harm     .   (cloak currently unavailable)
rCorr   .          Rampage  .   (gloves currently unavailable)
Will    .....      NoTele   +   (boots currently unavailable)
Stlth   +.........              (no amulet)
HPRegen 0.18/turn               (no ring)
MPRegen 0.09/turn               (no ring)

@: brilliant, tree-form, lightly drained
A: stationary, stasis, torment immunity, boosted hp
a: Renounce Religion, Minor Destruction


You were on level 4 of the Dungeon.
You worshipped Makhleb.
Makhleb was pleased with you.
You were a tree.
You visited 1 branch of the dungeon, and saw 4 of its levels.

You collected 83 gold pieces.

Inventory:

Hand Weapons
 a - the +8 spear "Jifemn" (weapon) {vorpal, rN+ Dex+2}
   (You found it on level 3 of the Dungeon)

   It inflicts extra damage upon your enemies.
   Dex:       It affects your dexterity (+2).
   rN:        It protects you from negative energy.
 b - a +0 hunting sling
 o - a +0 war axe
 s - a +0 long sword
 t - a +0 vampiric morningstar
Missiles
 d - 2 throwing nets (quivered)
Armour
 c - a +0 helmet (melded)
 g - a +0 ring mail (melded)
 n - a +0 leather armour
 u - a +0 cloak (melded)
Scrolls
 f - a scroll of enchant weapon {unknown}
 i - a scroll of fear {unknown}
 j - a scroll of identify {unknown}
 k - a scroll of immolation {unknown}
 m - a scroll of teleportation {unknown}
 r - a scroll of amnesia {unknown}
 v - a scroll of blinking {unknown}
Potions
 h - a potion of flight
 q - a potion of brilliance


   Skills:
 - Level 2.0 Fighting
 - Level 4.2(4.8) Axes
 + Level 3.1(4.2) Polearms
 - Level 2.0 Throwing
 - Level 3.0 Dodging


You had 4 spell levels left.
You didn't know any spells.
Your spell library contained the following spells:

 Spells                   Type           Power      Damage    Failure   Level
 Tukima's Dance           Hex            0%         N/A       80%         3
 Anguish                  Hex/Necr       0%         N/A       99%         4
 Enfeeble                 Hex            0%         N/A       100%        7


Dungeon Overview and Level Annotations

Branches:
Dungeon (4/15)
 Temple: D:4-7

Altars:
Makhleb
Xom


Message History

Press: ? - help, Dir - move target, f - wight, p - wight
Aim: a wight, wielding a +5 morningstar of freezing and wearing a +0 robe (about 28% to evade the +8 spear "Jifemn")
You reach to attack!
You closely miss the wight. You hit the wight.
The wight is lightly damaged.
The wight hits you with a +5 morningstar of freezing!
The wight freezes you.
You hit the wight but do no damage.
The wight is lightly damaged.
You barely miss the wight.
The wight is lightly damaged.
The wight misses you.
You hit the wight.
The wight is moderately damaged.
The wight hits you with a +5 morningstar of freezing!
You partially resist.
You feel drained. The wight freezes you.
Things that are here:
a +0 short sword; a kobold corpse It was a potion of brilliance.
You feel clever all of a sudden. The wight closely misses you.
It was a potion of flight.
You feel very buoyant.
You fly up into the air.
The wight hits you with a +5 morningstar of freezing!
* * * LOW HITPOINT WARNING * * *
The wight freezes you.
* * * LOW HITPOINT WARNING * * *
It was a potion of degeneration.
There was something very wrong with that liquid.
You feel weakened.
You feel dopey.
You feel clumsy. The wight barely misses you.
It was a potion of lignification.
You turn into a tree.
Your +0 cloak melds into your body.
Your +0 helmet melds into your body.
Your +0 ring mail melds into your body.
Your roots penetrate the ground.
The wight hits you but does no damage.
You completely miss the wight.
The wight is moderately damaged.
The wight hits you with a +5 morningstar of freezing!
You die...

#.## #.# #.# #.# #.# #.# #.###
#.# #+## #.#.## ... ...## #....#
#.# ....## ####.## #.#### .....##
##.##.# #.##.## .
......####...#.#######.#...####..
....).'.........♣zzz.....(...>'..
......####...#.#####.......####z.
.....## ##.##.# #......## .
....## ####.# #.....## ...## #.#
#.....# #+## #.# #.....# #.# #.#
###.### #.# #.# #.# #.##
#########.# #.#


You could see 3 wights.

Vanquished Creatures
  An orc priest (D:4)
  2 adders
  An ufetubus (D:4)
  2 worms
  A dart slug (D:3)
  7 orcs (D:4)
  2 bats
  5 endoplasms
  2 giant cockroaches
  4 hobgoblins
  4 jackals (D:3)
  5 ball pythons (D:1)
  A frilled lizard (D:2)
  3 goblins
  3 kobolds
  2 rats
45 creatures vanquished.

Notes
Turn   | Place    | Note
-------+----------+-------------------------------------------
     0 | D:1      | Leszczynek the Human Gladiator began the quest for the Orb.
     0 | D:1      | Reached XP level 1. HP: 16/16 MP: 1/1
    91 | D:1      | Reached XP level 2. HP: 10/22 MP: 2/2
   211 | D:1      | Found a faded altar of an unknown god.
   218 | D:1      | Prayed at the altar of an unknown god.
   218 | D:1      | Became a worshipper of Makhleb the Destroyer
   218 | D:1      | Reached * piety under Makhleb
   278 | D:3      | You fall into a shaft and drop 1 floor!
   307 | D:3      | Reached skill level 4 in Axes
   307 | D:3      | Reached XP level 3. HP: 21/27 MP: 3/3
   435 | D:3      | Found a shimmering altar of Xom.
   440 | D:3      | Identified the +8 spear "Jifemn" {vorpal, rN+ Dex+2}
   529 | D:3      | Reached skill level 1 in Polearms
   570 | D:4      | Reached XP level 4. HP: 33/33 MP: 4/4
   661 | D:4      | Reached skill level 2 in Polearms
   661 | D:4      | Reached ** piety under Makhleb
   686 | D:4      | Reached XP level 5. HP: 35/38 MP: 5/5
   757 | D:4      | Reached skill level 3 in Polearms
   833 | D:4      | HP: 4/37 [wight/+5 morningstar of freezing (11)]
   833 | D:4      | HP: 1/37 [wight/+5 morningstar of freezing (3)]
   836 | D:4      | Slain by a wight

Illustrated notes

Levels and vault maps discovered:
D:1:      lightli_arrival_lavapool, layout_rooms,
          dilly_ecumenical_altar_fadedgnrine, lemuel_old_faithful
D:2:      layout_basic, serial_bayou_ford_a, minmay_circle_x
D:3:      layout_rooms, nicolae_overflow_crystal_walls, minmay_close_crescents
D:4:      layout_loops_corners, lemuel_flame_loot_1

Skill      XL: |  1  2  3  4  5 |
---------------+----------------+-----
Axes           | 4 |  4.2
Polearms       | 1 2 3 |  3.1
Fighting       | |  2.0
Throwing       | |  2.0
Dodging        | |  3.0

Action                   |  1- 3 |  4- 6 || total
-------------------------+-------+-------++-------
Melee: War axe           |    61 |       ||    61
       Spear             |    13 |    32 ||    45
Throw: Throwing net      |     3 |     2 ||     5
       Javelin           |       |     1 ||     1
  Use: Potion            |       |     4 ||     4
 Stab: Held in net/web   |       |     2 ||     2
Armor: Ring mail         |    26 |     1 ||    27
       Skin              |       |     1 ||     1
Dodge: Dodged            |    49 |     7 ||    56

Table legend: (Time is in decaauts)
 A = Elapsed time spent in this place.
 B = Non-inter-level travel time spent in this place.
 C = Inter-level travel time spent in this place.
 D = Time resting spent in this place.
 E = Time spent auto-exploring this place.
 F = Levels seen in this place.
 G = Mean time per level.
                   A        B        C        D        E       F      G
               +--------+--------+--------+--------+--------+-----+--------+
         Total |    855 |    824 |     31 |      0 |      0 |   4 |  213.8 |
       Dungeon |    855 |    824 |     31 |      0 |      0 |   4 |  213.8 |
               +--------+--------+--------+--------+--------+-----+--------+

Top non-repeatable levels by time:
     D:4: 283 daAuts
     D:3: 253 daAuts
     D:1: 218 daAuts
     D:2: 99 daAuts
